 Dungeon Crawl Stone Soup version 0.32-a0-599-gba8f9cf90e (webtiles) character file.

Game seed: 11320482911218613008

2303 olmar the Cleaver (level 9, -19/66 HPs)
             Began as a Coglin Gladiator on Mar 3, 2024.
             Was an Initiate of Gozag.
             Demolished by a naga
             ... wielding a +0 battleaxe
             ... created by the fury of Okawaru
              (22 damage)
             ... on level 7 of the Dungeon.
             The game lasted 00:10:35 (5787 turns).

olmar the Cleaver (Coglin Gladiator)                Turns: 5787, Time: 00:10:35

Health: -19/66     AC: 10    Str: 19    XL:     9   Next: 40%
Magic:  9/9        EV: 13    Int:  7    God:    Gozag
Gold:   115        SH:  0    Dex: 16    Spells: 8/8 levels left

rFire   + . .        a - +0 war axe {Octavia}
rCold   . . .        H - +3 hand axe (flame) {Merenptah}
rNeg    . . .        v - +2 leather armour {rF+}
rPois   .            c - +0 helmet
rElec   .            g - +0 cloak
rCorr   .            (no gloves)
SInv    .            s - +0 pair of boots
Will    .....        (amulet unavailable)
Stlth   +++          (ring unavailable)
HPRegen 0.31/turn    (ring unavailable)
MPRegen 0.11/turn    (no gizmo)

%: no passive effects
@: lethally poisoned (-19 -> -39), about to teleport
A: off-hand wielding, slow wielding, warmup strikes, no jewellery, iridescent
scales 1, inability to drink after injury 1, inability to read after injury 1
a: Invent Gizmo, Renounce Religion, Potion Petition, Call Merchant, Bribe Branch


You were on level 7 of the Dungeon.
You worshipped Gozag.
Gozag was aware of your devotion.
You visited 2 branches of the dungeon, and saw 8 of its levels.

You collected 394 gold pieces.
You paid 279 gold pieces to Gozag.

Inventory:

Hand Weapons
 a - a +0 war axe (weapon) {Octavia}
 d - a +2 dire flail of protection
 u - a +0 falchion
 H - a +3 hand axe of flaming (offhand) {Merenptah}
Armour
 b - a +0 leather armour
 c - a +0 helmet (worn)
 e - a +2 scale mail of positive energy
 g - a +0 cloak (worn)
 o - a +0 ring mail
 s - a +0 pair of boots (worn)
 v - a +2 leather armour of fire resistance (worn)
 I - +0 steam dragon scales
 J - a +0 troll leather armour
Magical Staves
 n - a staff of cold {Noor}
Jewellery
 C - a ring of poison resistance
Wands
 q - a wand of roots (5)
 r - a wand of paralysis (6)
Scrolls
 f - 2 scrolls of fog {unknown}
 h - a scroll of enchant armour {unknown}
 i - 2 scrolls of vulnerability {unknown}
 m - 6 scrolls of teleportation
 t - a scroll of blinking {unknown}
 w - a scroll of enchant weapon {unknown}
 y - 2 scrolls of revelation
 E - a scroll of amnesia {unknown}
 G - 2 scrolls of brand weapon {unknown}
 K - a scroll of noise {unknown}
Potions
 k - a potion of degeneration
 l - a potion of berserk rage
 p - a potion of curing
 x - a potion of ambrosia {unknown}
 z - 3 potions of heal wounds {unknown}
 A - a potion of might {unknown}
 B - 2 potions of resistance {unknown}
 D - a potion of mutation
 F - 2 potions of haste {unknown}


   Skills:
 + Level 4.7 Fighting
 + Level 8.4 Axes
 + Level 2.2 Staves
 - Level 2.0 Throwing
 + Level 2.9 Armour
 + Level 4.2 Dodging
 + Level 4.9 Stealth
 + Level 1.8 Evocations


You had 8 spell levels left.
You didn't know any spells.
Your spell library contained the following spells:

 Spells                   Type           Power      Damage    Failure   Level
 Kiss of Death            Conj/Necr      0%         2d5       50%         1
 Momentum Strike          Conj/Tloc      0%         3d8       63%         2
 Confusing Touch          Hex            0%         N/A       86%         3
 Inner Flame              Hex/Fire       0%         N/A       86%         3
 Flame Wave               Conj/Fire      0%         2d4       99%         4
 Sticky Flame             Fire/Alch      0%         2d4       99%         4
 Summon Forest            Summ/Tloc      0%         N/A       100%        5


Dungeon Overview and Level Annotations

Branches:
Dungeon (7/15)             Temple (1/1) D:5

Altars:
Ashenzari
Cheibriados
Dithmenos
Elyvilon
Fedhas
Gozag
Hepliaklqana
Kikubaaqudgha
Makhleb
Nemelex Xobeh
Okawaru
Qazlal
Ru
Sif Muna
Trog
Uskayaw
Vehumet
Wu Jian
Xom
Yredelemnul
Zin
The Shining One

Shops:
D:7 [

Annotations:
D:3 3 runed translucent doors, kaiyo's ghost, novice FoFi


Innate Abilities, Weirdness & Mutations

You can wield a second weapon in your off-hand.
It takes a long time for you to wield or remove held weapons.
Your first few attacks do less damage.
You cannot equip rings or amulets.
You are partially covered in iridescent scales. (AC +2)
You occasionally lose the ability to drink potions when taking damage.
You occasionally lose the ability to read scrolls when taking damage.


Message History

Things that are here:
a +0 mace; a +0 plate armour Okawaru sends forces against you!
The divine experience confuses you!
You are confused.
A naga warrior, 3 nagas, a salamander and a centaur warrior come into view.
There are monsters nearby!
There are monsters nearby!
Unknown command.
You are too confused!
Unknown command.
You feel better.
You throw a javelin.
The javelin barely misses the naga warrior.
The centaur warrior hits you but does no damage.
The centaur warrior closely misses you. The naga spits poison at you.
The splash of poison hits you.
You are poisoned.
The naga warrior spits poison at you. The splash of poison hits you!!
You are more poisoned.
The centaur warrior hits you!
The centaur warrior kicks you but does no damage.
Unknown command.
Unknown command.
As you read the scroll of teleportation, it crumbles to dust.
You feel strangely unstable.
You feel very sick. The centaur warrior closely misses you.
The centaur warrior kicks you but does no damage.
The naga spits poison at you. The splash of poison misses you.
The naga warrior hits you with a +0 short sword!
* * * LOW HITPOINT WARNING * * *
The naga warrior closely misses you. The salamander closely misses you.
The naga hits you with a +0 short sword!
* * * LOW HITPOINT WARNING * * *
The naga misses you. The naga hits you with a +0 battleaxe!!
You die...
Your body crumbles into a pile of gold.

#.<# #### ###
#########.####
#......#..N..###
#.####.#.N.@...#
#.# #.#.NNcN###
#.####..#...#.#
#...........#.#
###
#..###..###.#.#
#.#
#..###.#.##..#
#.#
#......##....##
#.#####
##.######.....##
#.....###
######..#
##.......##
##.......


You could see a naga warrior (catching breath), a salamander, a centaur warrior
and 3 nagas.

Vanquished Creatures
  A troll (D:6)
  Sigmund (D:4)
  Eustachio (D:4)
  A steam dragon (D:6)
  Edmund (D:4)
  An orc warrior (D:7)
  2 black bears
  A centaur (D:6)
  2 bullfrogs (D:7)
  3 scorpions
  3 jellies (D:6)
  4 bombardier beetles
  2 orc priests (D:6)
  2 hounds
  Terence (D:3)
  2 sleepcaps (D:6)
  4 orc wizards
  11 gnolls
  8 adders
  2 white imps (D:6)
  2 ufetubi (D:5)
  15 orcs
  3 ball pythons (D:1)
  8 endoplasms
  7 giant cockroaches
  41 goblins
  31 hobgoblins
  3 jackals (D:1)
  8 kobolds
  4 quokkas
  4 bats
  4 frilled lizards
  2 rats
185 creatures vanquished.

Notes
Turn   | Place    | Note
-------+----------+-------------------------------------------
     0 | D:1      | olmar the Coglin Gladiator began the quest for the Orb.
     0 | D:1      | Reached XP level 1. HP: 16/16 MP: 1/1
    37 | D:1      | Reached XP level 2. HP: 22/22 MP: 2/2
    93 | D:1      | Found a faded altar of an unknown god.
   121 | D:1      | Got Plato's Collected Works on the Damned
   141 | D:1      | Prayed at the altar of an unknown god.
   141 | D:1      | Became a worshipper of Warmaster Okawaru
   141 | D:1      | Reached * piety under Okawaru
   270 | D:1      | Reached XP level 3. HP: 23/27 MP: 3/3
   625 | D:2      | Reached XP level 4. HP: 30/34 MP: 4/4
   764 | D:2      | Reached skill level 1 in Armour
   772 | D:2      | Reached skill level 4 in Axes
   781 | D:2      | Reached XP level 5. HP: 31/39 MP: 3/5
  1181 | D:3      | Noticed Terence
  1187 | D:3      | Killed Terence
  1733 | D:3      | You fall into a shaft and drop 1 floor!
  1771 | D:4      | Noticed a black bear
  1778 | D:4      | Killed a black bear
  1779 | D:4      | Reached XP level 6. HP: 42/47 MP: 6/6
  1917 | D:4      | Reached skill level 5 in Axes
  2007 | D:4      | Noticed Eustachio
  2023 | D:4      | Killed Eustachio
  2023 | D:4      | Reached ** piety under Okawaru
  2024 | D:4      | Reached XP level 7. HP: 52/52 MP: 7/7
  2050 | D:4      | Noticed Sigmund
  2078 | D:4      | Gained mutation: You occasionally lose the ability to read
                  | scrolls when taking damage. [potion of mutation]
  2078 | D:4      | Gained mutation: You are partially covered in iridescent
                  | scales. (AC +2) [potion of mutation]
  2078 | D:4      | Gained mutation: You occasionally lose the ability to drink
                  | potions when taking damage. [potion of mutation]
  2084 | D:4      | Noticed Edmund
  2085 | D:4      | Killed Sigmund
  2086 | D:4      | Reached skill level 1 in Staves
  2317 | D:4      | Killed Edmund
  2318 | D:4      | Reached skill level 1 in Evocations
  2468 | D:5      | Entered Level 5 of the Dungeon
  2703 | D:3      | Reached XP level 8. HP: 49/58 MP: 5/8
  2713 | D:3      | Reached skill level 6 in Axes
  3033 | D:3      | Found a runed translucent gate.
  3033 | D:3      | Found a runed translucent gate.
  3033 | D:3      | Found a runed translucent gate.
  3038 | D:3      | Noticed kaiyo's ghost (novice FoFi)
  3737 | D:5      | Found a staircase to the Ecumenical Temple.
  3904 | D:5      | Found a glowing golden altar of the Shining One.
  4140 | D:6      | Reached *** piety under Okawaru
  4141 | D:6      | Reached skill level 7 in Axes
  4265 | D:6      | Noticed a troll
  4272 | D:6      | Killed a troll
  4274 | D:6      | Reached XP level 9. HP: 54/65 MP: 9/9
  4455 | D:6      | Reached skill level 8 in Axes
  4471 | D:6      | Got Udouzain's Secrets of the Weird Vector
  4522 | D:6      | Found a sparkling altar of Nemelex Xobeh.
  5138 | D:7      | Found Mowoi's Antique Armour Shop.
  5362 | Temple   | Entered the Ecumenical Temple
  5376 | Temple   | Fell from the grace of Okawaru
  5376 | Temple   | Became a worshipper of Gozag Ym Sagoz the Greedy
  5785 | D:7      | Noticed a naga warrior
  5785 | D:7      | Noticed a salamander
  5785 | D:7      | Noticed a centaur warrior
  5787 | D:7      | HP: 3/66 [naga/+0 short sword[the fury of Okawaru] (7)]
  5787 | D:7      | Demolished by a naga

Illustrated notes

Levels and vault maps discovered:
D:1:      nicolae_arrival_washed_ashore, layout_rooms,
          shapermc_ecumenical_altar_rom_forum, minmay_surrounded
D:2:      layout_rooms
D:3:      minmay_goblin_kobold_castle, layout_loops_corners, serial_rivers,
          chequers_serial_rivers_micro_a, chequers_serial_rivers_micro_d,
          chequers_serial_rivers_small_3, chequers_serial_rivers_marsh,
          chequers_serial_rivers_room_a, gammafunk_ghost_necromancy,
          chequers_serial_rivers_marsh, uniq_terence
D:4:      layout_basic, uniq_sigmund, uniq_edmund, uniq_eustachio
D:5:      layout_loops_cross, nicolae_tso_swordbearing_angel,
          minmay_temple_entry_statues_pillars
D:6:      layout_basic, nemelex_altar_shiori
D:7:      minmay_klotski, layout_loops_corners, serial_shops,
          nicolae_shop_hallway_stairs, uniq_duvessa
Temple:   nicolae_temple_bog_church

Skill      XL: |  1  2  3  4  5  6  7  8  9 |
---------------+----------------------------+-----
Dodging        | 3 4 |  4.2
Throwing       | 2 |  2.0
Armour         | 1 2 |  2.9
Axes           | 4 5 7 8 |  8.4
Fighting       | 3 4 |  4.7
Stealth        | 2 3 4 |  4.9
Staves         | 1 2 |  2.2
Evocations     | 1 |  1.8

Action                     |  1- 3 |  4- 6 |  7- 9 || total
---------------------------+-------+-------+-------++-------
  Melee: War axe           |    53 |    97 |   180 ||   330
         Dagger            |    51 |    30 |       ||    81
         Staff             |       |    57 |   101 ||   158
         Hand axe          |       |       |    70 ||    70
  Throw: Throwing net      |       |     4 |     1 ||     5
         Javelin           |       |     1 |     2 ||     3
 Invoke: Heroism           |       |     2 |     3 ||     5
  Evoke: Wand              |       |     2 |    14 ||    16
    Use: Scroll            |       |       |     6 ||     6
         Potion            |       |       |     2 ||     2
   Stab: Held in net/web   |       |     2 |       ||     2
         Paralysed         |       |    16 |    22 ||    38
         Sleeping          |       |       |     4 ||     4
         Distracted        |       |       |     1 ||     1
 Armour: Leather armour    |    28 |    54 |   155 ||   237
  Dodge: Dodged            |    37 |    52 |   175 ||   264

Table legend: (Time is in decaauts)
 A = Elapsed time spent in this place.
 B = Non-inter-level travel time spent in this place.
 C = Inter-level travel time spent in this place.
 D = Time resting spent in this place.
 E = Time spent auto-exploring this place.
 F = Levels seen in this place.
 G = Mean time per level.
                   A        B        C        D        E       F      G
               +--------+--------+--------+--------+--------+-----+--------+
         Total |   5855 |   5504 |    351 |    414 |   4034 |   8 |  731.9 |
       Dungeon |   5826 |   5502 |    324 |    414 |   4034 |   7 |  832.3 |
        Temple |     28 |      1 |     27 |      0 |      0 |   1 |   28.0 |
               +--------+--------+--------+--------+--------+-----+--------+

Top non-repeatable levels by time:
     D:3: 1410 daAuts
     D:6: 1009 daAuts
     D:4: 798 daAuts
     D:5: 749 daAuts
     D:7: 664 daAuts
     D:2: 653 daAuts
     D:1: 541 daAuts
  Temple: 28 daAuts
